 Dungeon Crawl Stone Soup version 0.32-a0-975-g85d4e5bfdb (webtiles) character file.

Game seed: 7083823669206830713

537 PriceMaster the Grave Robber (level 7, 0/51 HPs)
             Began as a Demonspawn Necromancer on Apr 19, 2024.
             Slain by an ogre
             ... wielding a +0 giant club
              (31 damage)
             ... on level 4 of the Dungeon.
             The game lasted 00:05:50 (3911 turns).

PriceMaster the Grave Robber (DsNe)                 Turns: 3911, Time: 00:05:52

Health: 0/51       AC:  6    Str:  8    XL:     7   Next: 5%
Magic:  7/11       EV: 11    Int: 17    God:
Gold:   286        SH:  0    Dex: 14    Spells: 6/12 levels left

rFire   . . .        h - +1 short sword (holy)
rCold   . . .        m - orb {*channel}
rNeg    . . .        l - +0 leather armour
rPois   .            (no helmet)
rElec   .            (no cloak)
rCorr   .            c - +0 pair of gloves
SInv    .            (boots unavailable)
Will    .....        o - amulet of the acrobat
Stlth   ++           (no ring)
HPRegen 0.28/turn    (no ring)
MPRegen 0.12/turn

%: acrobat, channel magic (20%)
@: very slightly contaminated
A: hooves 3, yellow scales 1, ignite blood 1
a: no special abilities


You were on level 4 of the Dungeon.
You visited 1 branch of the dungeon, and saw 4 of its levels.

You collected 286 gold pieces.

Inventory:

Hand Weapons
 d - a +0 dagger
 h - a +1 short sword of holy wrath (weapon)
Armour
 a - a +0 robe
 c - a +0 pair of gloves (worn)
 l - a +0 leather armour (worn)
 m - an orb of energy (worn)
Jewellery
 o - an amulet of the acrobat (around neck)
Talismans
 n - a storm talisman
Scrolls
 k - 2 scrolls of teleportation
 p - a scroll of fear
 q - a scroll of poison
 r - a scroll of vulnerability
 u - 2 scrolls of identify
Potions
 b - a potion of magic
 e - a potion of resistance {unknown}
 f - 2 potions of curing {unknown}
 g - a potion of lignification {unknown}
 i - a potion of degeneration {unknown}
 j - a potion of enlightenment {unknown}
 s - 2 potions of haste {unknown}
 t - a potion of invisibility {unknown}
 v - a potion of brilliance {unknown}


   Skills:
 + Level 2.5 Fighting
 + Level 2.3 Short Blades
 + Level 2.1 Armour
 + Level 3.0 Dodging
 + Level 3.2 Stealth
 + Level 3.2 Spellcasting
 + Level 5.3 Necromancy


You had 6 spell levels left.
You knew the following spells:

 Your Spells              Type           Power      Damage    Failure   Level
a - Necrotise             Necr           80%        1d8       10%         1
b - Vampiric Draining     Necr           20%        2d7       22%         3
c - Jinxbite              Hex            4%         N/A       58%         2

Your spell library contained the following spells:

 Spells                   Type           Power      Damage    Failure   Level
 Apportation              Tloc           4%         N/A       45%         1
 Animate Dead             Necr           20%        N/A       47%         4
 Dazzling Flash           Conj/Hex       4%         N/A       78%         3
 Mephitic Cloud           Conj/Alch/Air  2%         N/A       78%         3
 Curse of Agony           Necr           20%        N/A       78%         5
 Alistair's Intoxication  Alch           1%         N/A       100%        5
 Silence                  Hex/Air        1%         N/A       100%        5


Dungeon Overview and Level Annotations

Branches:
Dungeon (4/15)
 Temple: D:4-7

Altars:

Shops:
D:1 =   D:2 :

Annotations:
D:4 Natasha


Innate Abilities, Weirdness & Mutations

You have hooves in place of feet.
You are partially covered in yellow scales. (AC +2)
Your demonic aura sometimes causes spilled blood to erupt in flames.


Message History

An ogre comes into view. It is wielding a +0 giant club.
Natasha hisses angrily.
The ogre shouts!
Natasha zaps a wand.
The puff of flame misses you.
Natasha writhes in agony!
You miscast Necrotise.
You are very lightly contaminated with residual magic.
Nothing appears to happen.
Magical energy flows into your mind!
Natasha zaps a wand.
The puff of flame hits you!
Casting: Necrotise (safe; 10% risk of failure)
Confirm with . or Enter, or press ? or * to list all spells.
Aiming: Vampiric Draining (dangerous; 22% risk of failure)
Press: ? - help, Shift-Dir - straight line, f/p - Natasha
Aim: Natasha, carrying a wand of flame (heavily wounded)
Okay, then.
Casting: Vampiric Draining (dangerous; 22% risk of failure)
Confirm with . or Enter, or press ? or * to list all spells.
Aiming: Necrotise (safe; 10% risk of failure)
Press: ? - help, Shift-Dir - straight line, f/p - Natasha
Aim: Natasha, carrying a wand of flame (heavily wounded, chance to affect: 78%) Natasha writhes in agony.
Natasha casts a spell.
The ogre hits you with a +0 giant club!
Unknown command.
Casting: Necrotise (safe; 10% risk of failure)
Confirm with . or Enter, or press ? or * to list all spells.
Aiming: Necrotise (safe; 10% risk of failure)
Press: ? - help, Shift-Dir - straight line, f/p - Natasha
Aim: Natasha, carrying a wand of flame (severely wounded, chance to affect: 78%) Natasha writhes in agony.
Natasha claws you but does no damage. The cerulean imp closely misses you.
Unknown command.
Casting: Necrotise (safe; 10% risk of failure)
Confirm with . or Enter, or press ? or * to list all spells.
Aiming: Necrotise (safe; 10% risk of failure)
Press: ? - help, Shift-Dir - straight line, f/p - Natasha
Aim: Natasha, carrying a wand of flame (almost dead, chance to affect: 78%) Natasha barely resists.
The ogre hits you with a +0 giant club!!
Ouch! That really hurt!
You die...

.##.#####
........#
#########
.....†..#
#.<.....#
>.......# #.......
........# #......
........# #.....
........######....
........#......5h#
.######.#.# #O@#
.#........## #.##
...........# #.#
.#...).....# #.#
...........# #.#
##........># #.#
#.........# #.#
#.........# #.#
#.........# ##.#


You could see an ogre, Natasha and a cerulean imp (summoned).

Vanquished Creatures
  An ogre (D:4)
  2 phantoms (D:4)
  A scorpion (D:4)
  An orc priest (D:4)
  An iguana (D:4)
  An orc wizard (D:4)
  Natasha (twice) (D:4)
  4 adders
  4 dart slugs
  3 orcs
  6 ball pythons
  5 bats
  7 endoplasms
  5 giant cockroaches
  6 goblins
  3 hobgoblins
  2 jackals (D:1)
  4 quokkas
  3 frilled lizards
  3 kobolds
  6 rats
70 creatures vanquished.

Vanquished Creatures (collateral kills)
  An endoplasm (D:2)
  A giant cockroach (D:2)
  A goblin (D:2)
  A quokka (D:4)
  A frilled lizard (D:2)
5 creatures vanquished.

Grand Total: 75 creatures vanquished

Notes
Turn   | Place    | Note
-------+----------+-------------------------------------------
     0 | D:1      | PriceMaster the Demonspawn Necromancer began the quest for
                  | the Orb.
     0 | D:1      | Reached XP level 1. HP: 13/13 MP: 3/3
     9 | D:1      | Noticed an electric eel
   147 | D:1      | Found Zaext's Jewellery Shoppe.
   259 | D:1      | Gained mutation: You have large cloven feet. [demonic
                  | ancestry]
   259 | D:1      | Reached XP level 2. HP: 19/19 MP: 3/5
  1090 | D:2      | Gained mutation: Your demonic aura sometimes causes spilled
                  | blood to erupt in flames. [demonic ancestry]
  1090 | D:2      | Reached XP level 3. HP: 25/25 MP: 2/6
  1298 | D:2      | Learned a level 3 spell: Vampiric Draining
  1419 | D:2      | Found Anophuwn's Book Shoppe.
  1465 | D:2      | Reached skill level 1 in Fighting
  1680 | D:2      | Reached skill level 1 in Short Blades
  1680 | D:2      | Gained mutation: You have hoof-like feet. [demonic
                  | ancestry]
  1680 | D:2      | Reached XP level 4. HP: 31/32 MP: 4/7
  1834 | D:3      | Reached skill level 1 in Armour
  2466 | D:4      | Noticed an ogre
  2489 | D:4      | Killed an ogre
  2490 | D:4      | Gained mutation: You have hooves in place of feet. [demonic
                  | ancestry]
  2490 | D:4      | Reached XP level 5. HP: 34/37 MP: 1/9
  2933 | D:4      | Reached skill level 5 in Necromancy
  3216 | D:4      | Learned a level 2 spell: Jinxbite
  3276 | D:4      | Noticed a phantom
  3286 | D:4      | Killed a phantom
  3287 | D:4      | Gained mutation: You are partially covered in yellow
                  | scales. (AC +2) [demonic ancestry]
  3287 | D:4      | Reached XP level 6. HP: 44/44 MP: 8/10
  3512 | D:4      | Noticed Natasha
  3517 | D:4      | Killed Natasha
  3541 | D:4      | Noticed Natasha
  3550 | D:4      | Killed Natasha
  3561 | D:4      | Reached XP level 7. HP: 20/51 MP: 2/11
  3904 | D:4      | Noticed Natasha
  3911 | D:4      | Slain by an ogre

Illustrated notes

Levels and vault maps discovered:
D:1:      arrival_aquarium_a, layout_basic, serial_shops,
          nicolae_shop_statue_plus
D:2:      layout_rooms, serial_shops, nicolae_shop_crystal
D:3:      layout_loops_ring
D:4:      layout_rooms, uniq_natasha

Skill      XL: |  1  2  3  4  5  6 |
---------------+-------------------+-----
Stealth        | 2 3 |  3.2
Dodging        | 2 3 |  3.0
Fighting       | 1 2 |  2.5
Short Blades   | 1 2 |  2.3
Armour         | 1 2 |  2.1
Necromancy     | 5 |  5.3
Spellcasting   | 3 |  3.2

Action                     |  1- 3 |  4- 6 |  7- 9 || total
---------------------------+-------+-------+-------++-------
  Melee: Dagger            |     2 |       |       ||     2
         Short sword       |    14 |    42 |       ||    56
         Kick              |     4 |    11 |       ||    15
   Cast: Necrotise         |    57 |    46 |     4 ||   107
         Vampiric Draining |       |    13 |       ||    13
         Jinxbite          |       |     4 |       ||     4
    Use: Scroll            |     3 |     3 |       ||     6
         Potion            |       |     1 |       ||     1
   Stab: Sleeping          |     1 |       |       ||     1
 Armour: Robe              |     6 |       |       ||     6
         Leather armour    |    11 |    57 |     4 ||    72
  Dodge: Dodged            |    16 |    67 |     2 ||    85

Table legend: (Time is in decaauts)
 A = Elapsed time spent in this place.
 B = Non-inter-level travel time spent in this place.
 C = Inter-level travel time spent in this place.
 D = Time resting spent in this place.
 E = Time spent auto-exploring this place.
 F = Levels seen in this place.
 G = Mean time per level.
                   A        B        C        D        E       F      G
               +--------+--------+--------+--------+--------+-----+--------+
         Total |   3915 |   3831 |     84 |    817 |   2468 |   4 |  978.8 |
       Dungeon |   3915 |   3831 |     84 |    817 |   2468 |   4 |  978.8 |
               +--------+--------+--------+--------+--------+-----+--------+

Top non-repeatable levels by time:
     D:4: 1247 daAuts
     D:1: 1031 daAuts
     D:3: 938 daAuts
     D:2: 698 daAuts
